 Dungeon Crawl Stone Soup version 0.31-a0-37-g98a128e1d9 (webtiles) character file.

Game seed: 4263522703687607575

7324 IndexError the Skirmisher (level 11, -5/69 (86) HPs)
             Began as a Gnoll Hunter on May 15, 2023.
             Was a Follower of Ashenzari.
             Slain by a spectral orc knight
             ... wielding a +0 halberd
             ... summoned by Nergalle
              (7 damage)
             ... on level 10 of the Dungeon.
             The game lasted 00:17:54 (10049 turns).

IndexError the Skirmisher (Gnoll Hunter)           Turns: 10049, Time: 00:17:54

HP:   -5/69 (86)    AC: 16    Str: 10    XL:     11   Next: 13%
MP:   20/20         EV: 22    Int:  9    God:    Ashenzari [*.....]
Gold: 667           SH:  0    Dex: 20    Spells: 22/22 levels left

rFire   + . .        b - +2 whip (venom)
rCold   . . .        (no shield)
rNeg    . . .        m - +0 leather armour {rF+}
rPois   .            w - +1 helmet
rElec   .            z - +2 cloak "Ruined With Me" {Cun, Range} (curse)
rCorr   .            (no gloves)
SInv    .            H - +2 pair of boots "Vision of Ashenzari" {Range, Comp} (curse)
Will    .....        (no amulet)
Stlth   ++++         x - +5 ring of evasion
HPRegen 0.31/turn    N - +4 ring of protection
MPRegen 0.17/turn

%: no passive effects
@: heavily drained
A: fangs 1, strong nose, distributed training
a: Renounce Religion, Curse Item, Shatter the Chains


You were on level 10 of the Dungeon.
You worshipped Ashenzari.
Ashenzari was aware of your devotion.
You visited 2 branches of the dungeon, and saw 11 of its levels.
You also visited: Sewer.

You collected 667 gold pieces.

Inventory:

Hand Weapons
 a - a +0 shortbow
 b - a +2 whip of venom (weapon)
   (You took it off an orc on level 4 of the Dungeon)
 L - a +1 whip of electrocution
   (You took it off a gnoll on level 5 of the Dungeon)
Missiles
 h - a boomerang of dispersal {=f}
 q - 2 curare-tipped darts
Armour
 d - a scarf of invisibility
   (You found it on level 1 of the Dungeon)
 m - a +0 leather armour of fire resistance (worn)
   (You found it on level 1 of the Dungeon)
 w - a +1 helmet (worn)
   (You took it off Robin on level 3 of the Dungeon)
 z - the cursed +2 cloak "Ruined With Me" (worn) {Cun, Range}
   (You found it on level 4 of the Dungeon)

   It has a curse which improves the following skills: Cunning: Dodging and
   Stealth.
   Ranged Combat: Ranged Weapons and Throwing.
 F - the +0 cloak of the Robin {rF- rC++ Regen+ Str+3}
   (You found it on level 5 of the Dungeon)

   Str:       It affects your strength (+3).
   rF:        It makes you vulnerable to fire.
   rC:        It greatly protects you from cold.
   Regen:     It increases your rate of health regeneration.
 H - the cursed +2 pair of boots "Vision of Ashenzari" (worn) {Range, Comp}
   (You found it in a sewer)

   It has a curse which improves the following skills: Ranged Combat: Ranged
   Weapons and Throwing.
   Companions: Summonings and Necromancy.
 P - +0 acid dragon scales
   (You found it on level 8 of the Dungeon)
Magical Staves
 g - a staff of fire {rF+}
   (You found it on level 1 of the Dungeon)
 r - a staff of earth
   (You found it on level 2 of the Dungeon)
Jewellery
 s - an amulet of the acrobat
   (You found it on level 10 of the Dungeon)
 x - a +5 ring of evasion (left hand)
   (You found it on level 3 of the Dungeon)
 E - a +6 ring of intelligence
   (You found it on level 5 of the Dungeon)
 N - a +4 ring of protection (right hand)
   (You found it on level 7 of the Dungeon)
 Q - a ring of poison resistance {rPois, !d}
   (You found it on level 8 of the Dungeon)
Wands
 y - a wand of flame (13)
   (You found it on level 3 of the Dungeon)
 C - a wand of digging (2)
   (You took it off Natasha on level 4 of the Dungeon)
 R - a wand of quicksilver (4)
   (You found it on level 8 of the Dungeon)
Scrolls
 e - 2 scrolls of blinking {!r}
 l - a scroll of vulnerability {!r!r}
 p - 4 scrolls of teleportation
 u - 2 scrolls of fear
 A - a scroll of amnesia
 D - 4 scrolls of immolation {!r}
 J - a scroll of torment {!r}
 M - a scroll of enchant weapon
Potions
 c - 6 potions of degeneration {!q}
 i - 2 potions of lignification {!q}
 j - 8 potions of flight
 k - 8 potions of curing
 n - 4 potions of ambrosia
 o - a potion of berserk rage {!q}
 t - 4 potions of attraction {!q}
 v - 3 potions of brilliance
 B - a potion of resistance
 G - 2 potions of might
 I - a potion of mutation {!q}
 O - a potion of magic


   Skills:
 + Level 7.8 Fighting
 + Level 6.2 Short Blades
 + Level 6.2 Long Blades
 + Level 6.2 Axes
 + Level 6.2 Maces & Flails
 + Level 6.2 Polearms
 + Level 6.2 Staves
 + Level 10.6(11.7) Ranged Weapons
 + Level 6.2(7.4) Throwing
 + Level 6.2 Armour
 + Level 7.8(8.6) Dodging
 + Level 6.7(7.5) Stealth
 + Level 6.2 Shields
 + Level 6.2 Unarmed Combat
 + Level 6.2 Spellcasting
 + Level 5.1 Conjurations
 + Level 5.1 Hexes
 + Level 5.1(5.9) Summonings
 + Level 5.1(5.9) Necromancy
 + Level 5.1 Translocations
 + Level 5.1 Transmutations
 + Level 5.1 Fire Magic
 + Level 5.1 Ice Magic
 + Level 5.1 Air Magic
 + Level 5.1 Earth Magic
 + Level 5.1 Poison Magic
 + Level 6.8 Invocations
 + Level 6.2 Evocations


You had 22 spell levels left.
You didn't know any spells.
Your spell library contained the following spells:

 Spells                   Type           Power      Damage    Failure   Level
 Necrotise                Necr           52%        1d6       2%          1
 Beastly Appendage        Tmut           24%        N/A       3%          1
 Foxfire                  Conj/Fire      48%        2x1d6     3%          1
 Wereblood                Tmut           12%        N/A       4%          2
 Vampiric Draining        Necr           13%        2d6       7%          3
 Hailstorm                Conj/Ice       12%        3d5       10%         3
 Spider Form              Tmut/Pois      12%        N/A       10%         3
 Ice Form                 Ice/Tmut       12%        N/A       32%         4
 Agony                    Necr           13%        N/A       54%         5
 Fireball                 Conj/Fire      6%         3d5       67%         5
 Plasma Beam              Fire/Air       6%         2x1d18    99%         6
 Simulacrum               Ice/Necr       6%         N/A       99%         6
 Starburst                Conj/Fire      6%         6d4       99%         6


Dungeon Overview and Level Annotations

Branches:
Dungeon (10/15)            Temple (1/1) D:7            Lair (0/5) D:10
    Orc (0/2) D:9           Sewer (visited)

Altars:
Ashenzari
Cheibriados
Dithmenos
Elyvilon
Fedhas
Gozag
Hepliaklqana
Kikubaaqudgha
Makhleb
Nemelex Xobeh
Okawaru
Qazlal
Trog
Vehumet
Wu Jian
Xom
Yredelemnul
Zin
The Shining One

Shops:
D:6 :

Annotations:
D:10 Nergalle


Innate Abilities, Weirdness & Mutations

You have very sharp teeth.
Your uncanny sense of smell can sniff out nearby items.
Your experience applies equally to all skills.


Message History

Ashenzari invites you to partake of a vision and a curse of fortitude and beguiling.
You open the door.
There is an open door here.
Nergalle the Soulbinder comes into view.
She is wielding a +4 dagger of holy wrath.
Nergalle is nearby!
You shoot an arrow.
The arrow hits Nergalle but does no damage.
Nergalle shouts!
You shoot an arrow.
The arrow hits Nergalle but does no damage.
You shoot an arrow. The arrow closely misses Nergalle.
Nergalle casts a spell at you. The bolt of negative energy hits you!!
You feel drained.
You take 21 damage, and have 65/83 hp.
MASSIVE DAMAGE!!
You shoot an arrow. The arrow barely misses Nergalle.
You shoot an arrow. The arrow hits Nergalle.
Nergalle points at you and mumbles some strange words.
The bolt of negative energy hits you!!
You feel drained.
You take 26 damage, and have 39/79 hp.
MASSIVE DAMAGE!!
You are too injured to fight recklessly!
You are too injured to fight recklessly!
Nergalle casts a spell at you.
Orcish apparitions take form around you.
Your +2 whip of venom begins to drip with poison!
b - a +2 whip of venom (weapon)
You closely miss Nergalle. You punch Nergalle. Nergalle misses you.
The spectral orc knight misses you.
You hit Nergalle but do no damage.
Nergalle is poisoned.
You closely miss Nergalle.
Nergalle grimaces horribly.
Nergalle closely misses you.
The spectral orc knight closely misses you.
You barely miss Nergalle. You bite Nergalle, but do no damage.
The spectral orc knight hits you but does no damage.
Nergalle closely misses you.
You hit Nergalle but do no damage.
Nergalle looks even sicker.
Your bite misses Nergalle. The spectral orc knight misses you.
Nergalle completely misses you.
You hit Nergalle but do no damage. You bite Nergalle, but do no damage.
The spectral orc knight closely misses you.
Nergalle casts a spell at you.
Orcish apparitions take form around you.
You hit Nergalle.
Nergalle looks as sick as possible!
You hit Nergalle but do no damage.
Nergalle looks as sick as possible!
Nergalle hits you but does no damage.
The spectral orc knight hits you with a +0 great mace!
You feel drained.
The spectral orc warrior completely misses you. x2
You take 10 damage, and have 32/77 hp.
You hit Nergalle but do no damage.
Nergalle looks as sick as possible!
You bite Nergalle, but do no damage. The spectral orc knight misses you.
Nergalle gestures at the spectral orc knight while chanting.
The spectral orc knight seems to speed up.
The spectral orc warrior barely misses you.
The spectral orc warrior misses you.
You hit Nergalle but do no damage.
Nergalle looks as sick as possible!
The spectral orc knight hits you with a +0 great mace!
* * * LOW HITPOINT WARNING * * *
You feel drained.
* * * LOW HITPOINT WARNING * * *
Nergalle points at you and mumbles some strange words.
The bolt of negative energy misses you.
The spectral orc warrior barely misses you.
The spectral orc warrior closely misses you.
You take 19 damage, and have 13/74 hp.
MASSIVE DAMAGE!!
You hit Nergalle.
Nergalle looks as sick as possible!
You bite Nergalle, but do no damage.
The spectral orc knight barely misses you.
Nergalle gestures at you while chanting.
Orcish apparitions take form around you.
You hit Nergalle but do no damage.
Nergalle looks as sick as possible!
The spectral orc knight barely misses you.
The spectral orc warrior misses you. x2
The spectral orc knight closely misses you.
You hit Nergalle.
Nergalle looks as sick as possible!
Nergalle blows her nose.
Nergalle hits you but does no damage.
The spectral orc knight hits you but does no damage.
The spectral orc warrior hits you with a +0 long sword!
* * * LOW HITPOINT WARNING * * *
You feel drained.
* * * LOW HITPOINT WARNING * * *
The spectral orc warrior misses you.
The spectral orc knight barely misses you.
You take 9 damage, and have 5/72 hp.
You feel much better.
The spectral orc knight completely misses you.
The spectral orc knight hits you but does no damage.
Nergalle hits you but does no damage.
The spectral orc warrior completely misses you.
The spectral orc warrior misses you.
You regained 33 hp, and now have 38/72 hp.
You hit Nergalle but do no damage.
Nergalle looks as sick as possible!
Your bite misses Nergalle.
The spectral orc knight hits you with a +0 great mace!!
* * * LOW HITPOINT WARNING * * *
The spectral orc knight hits you from afar with a +0 halberd!
* * * LOW HITPOINT WARNING * * *
You feel drained.
You die...

#. ####.....
#..#######........
##.................
...................
.........###.......
..######.'.#....... ..
#.#.#....... ...
#.#Z#....... .....
#.#@###+###.
#.....######.#ZoZ$...#
#............#ZZZ....# ....
#............#.......+......
#.........####.......#.....
#.........# ........#...####
#.........#
...[....#...#..##
#.........#
..#######...#...#
#.....>...# #.........#...#


You could see Nergalle (extremely poisoned), 4 spectral orc warriors and 2
spectral orc knights.

Vanquished Creatures
  3 two-headed ogres
  Maurice (D:8)
  A kobold demonologist (D:9)
  A troll (D:9)
  A hornet (D:9)
  Grinder (D:3)
  2 steam dragons
  2 acid dragons
  Duvessa (D:7)
  3 orc warriors
  A sky beast (D:8)
  2 ice beasts
  2 ogres (D:5)
  A black bear (D:2)
  A centaur (D:5)
  3 kobold brigands (D:9)
  2 phantoms
  3 bullfrogs
  15 wights
  3 scorpions
  Dowan (D:7)
  3 jellies (D:6)
  An orc priest (D:6)
  A sleepcap (D:8)
  7 hounds
  2 gnoll boudas
  Terence (D:3)
  2 iguanas
  Natasha (thrice) (D:4)
  8 orc wizards
  A mummy (D:5)
  Robin (D:3)
  12 gnolls
  22 adders
  5 river rats
  4 worms
  2 dart slugs
  22 orcs
  18 ball pythons
  17 bats
  7 endoplasms
  6 giant cockroaches
  21 goblins
  8 hobgoblins
  6 jackals
  14 kobolds
  5 quokkas
  3 frilled lizards
  A kobold zombie (D:5)
  3 orc zombies (D:5)
  5 rats
261 creatures vanquished.

Vanquished Creatures (others)
  2 orc wizards
2 creatures vanquished.

Grand Total: 263 creatures vanquished

Notes
Turn   | Place    | Note
-------+----------+-------------------------------------------
     0 | D:1      | IndexError the Gnoll Hunter began the quest for the Orb.
     0 | D:1      | Reached XP level 1. HP: 20/20 MP: 1/1
   143 | D:1      | Reached XP level 2. HP: 26/26 MP: 2/2
   270 | D:1      | Reached XP level 3. HP: 31/31 MP: 3/3
   537 | D:1      | Reached skill level 1 in Invocations
   651 | D:2      | Reached skill level 1 in Short Blades
   651 | D:2      | Reached skill level 1 in Long Blades
   651 | D:2      | Reached skill level 1 in Axes
   651 | D:2      | Reached skill level 1 in Maces & Flails
   651 | D:2      | Reached skill level 1 in Polearms
   651 | D:2      | Reached skill level 1 in Staves
   651 | D:2      | Reached skill level 1 in Throwing
   651 | D:2      | Reached skill level 1 in Armour
   651 | D:2      | Reached skill level 1 in Shields
   651 | D:2      | Reached skill level 1 in Unarmed Combat
   651 | D:2      | Reached skill level 1 in Spellcasting
   651 | D:2      | Reached skill level 1 in Evocations
   730 | D:2      | Reached XP level 4. HP: 38/38 MP: 5/5
   792 | D:2      | Reached skill level 1 in Conjurations
   792 | D:2      | Reached skill level 1 in Hexes
   792 | D:2      | Reached skill level 1 in Summonings
   792 | D:2      | Reached skill level 1 in Necromancy
   792 | D:2      | Reached skill level 1 in Translocations
   792 | D:2      | Reached skill level 1 in Transmutations
   792 | D:2      | Reached skill level 1 in Fire Magic
   792 | D:2      | Reached skill level 1 in Ice Magic
   792 | D:2      | Reached skill level 1 in Air Magic
   792 | D:2      | Reached skill level 1 in Earth Magic
   792 | D:2      | Reached skill level 1 in Poison Magic
   944 | D:2      | Found an ancient bone altar of Kikubaaqudgha.
  1008 | D:2      | Noticed a black bear
  1014 | D:2      | Killed a black bear
  1015 | D:2      | Reached XP level 5. HP: 43/43 MP: 5/7
  1255 | D:2      | Found a faded altar of an unknown god.
  1268 | D:2      | Reached skill level 2 in Invocations
  1418 | D:3      | Reached skill level 3 in Stealth
  1451 | D:3      | Noticed Robin
  1457 | D:3      | Killed Robin
  1458 | D:3      | Reached XP level 6. HP: 45/50 MP: 8/8
  1548 | D:3      | Noticed Terence
  1552 | D:3      | Killed Terence
  1553 | D:3      | Reached skill level 5 in Fighting
  1553 | D:3      | Reached skill level 5 in Dodging
  1590 | D:3      | Noticed Grinder
  1634 | D:3      | Paralysed by Grinder for 3 turns
  1643 | D:3      | Paralysed by Grinder for 4 turns
  1644 | D:3      | HP: 10/51 [Grinder (5)]
  1656 | D:3      | HP: 10/51 [Grinder/nerve-wracking pain (4)]
  1659 | D:3      | Killed Grinder
  1660 | D:3      | Reached skill level 2 in Short Blades
  1660 | D:3      | Reached skill level 2 in Long Blades
  1660 | D:3      | Reached skill level 2 in Axes
  1660 | D:3      | Reached skill level 2 in Maces & Flails
  1660 | D:3      | Reached skill level 2 in Polearms
  1660 | D:3      | Reached skill level 2 in Staves
  1660 | D:3      | Reached skill level 2 in Throwing
  1660 | D:3      | Reached skill level 2 in Armour
  1660 | D:3      | Reached skill level 2 in Shields
  1660 | D:3      | Reached skill level 2 in Unarmed Combat
  1660 | D:3      | Reached skill level 2 in Spellcasting
  1660 | D:3      | Reached skill level 2 in Evocations
  1660 | D:3      | Reached XP level 7. HP: 12/56 MP: 8/10
  2176 | D:4      | Noticed Natasha
  2184 | D:4      | Killed Natasha
  2185 | D:4      | Reached skill level 2 in Conjurations
  2185 | D:4      | Reached skill level 2 in Hexes
  2185 | D:4      | Reached skill level 2 in Summonings
  2185 | D:4      | Reached skill level 2 in Necromancy
  2185 | D:4      | Reached skill level 2 in Translocations
  2185 | D:4      | Reached skill level 2 in Transmutations
  2185 | D:4      | Reached skill level 2 in Fire Magic
  2185 | D:4      | Reached skill level 2 in Ice Magic
  2185 | D:4      | Reached skill level 2 in Air Magic
  2185 | D:4      | Reached skill level 2 in Earth Magic
  2185 | D:4      | Reached skill level 2 in Poison Magic
  2311 | D:4      | Noticed Natasha
  2332 | D:4      | Killed Natasha
  2363 | D:4      | Reached skill level 9 in Ranged Weapons
  2368 | D:4      | Reached skill level 3 in Invocations
  2402 | D:4      | Noticed Natasha
  2410 | D:4      | Killed Natasha
  2701 | D:4      | Found an iron altar of Okawaru.
  2913 | D:5      | Entered Level 5 of the Dungeon
  3063 | D:5      | Reached skill level 3 in Short Blades
  3063 | D:5      | Reached skill level 3 in Long Blades
  3063 | D:5      | Reached skill level 3 in Axes
  3063 | D:5      | Reached skill level 3 in Maces & Flails
  3063 | D:5      | Reached skill level 3 in Polearms
  3063 | D:5      | Reached skill level 3 in Staves
  3063 | D:5      | Reached skill level 3 in Throwing
  3063 | D:5      | Reached skill level 3 in Armour
  3063 | D:5      | Reached skill level 3 in Shields
  3063 | D:5      | Reached skill level 3 in Unarmed Combat
  3063 | D:5      | Reached skill level 3 in Spellcasting
  3063 | D:5      | Reached skill level 3 in Evocations
  3063 | D:5      | Reached XP level 8. HP: 34/63 MP: 12/12
  3199 | D:5      | Reached skill level 4 in Stealth
  3766 | D:5      | Noticed a two-headed ogre
  3780 | D:5      | HP: 14/64 [two-headed ogre/+0 dire flail (7)]
  3781 | D:5      | Killed a two-headed ogre
  3782 | D:5      | Reached skill level 6 in Fighting
  3782 | D:5      | Reached skill level 4 in Short Blades
  3782 | D:5      | Reached skill level 4 in Long Blades
  3782 | D:5      | Reached skill level 4 in Axes
  3782 | D:5      | Reached skill level 4 in Maces & Flails
  3782 | D:5      | Reached skill level 4 in Polearms
  3782 | D:5      | Reached skill level 4 in Staves
  3782 | D:5      | Reached skill level 4 in Throwing
  3782 | D:5      | Reached skill level 4 in Armour
  3782 | D:5      | Reached skill level 6 in Dodging
  3782 | D:5      | Reached skill level 4 in Shields
  3782 | D:5      | Reached skill level 4 in Unarmed Combat
  3782 | D:5      | Reached skill level 4 in Spellcasting
  3782 | D:5      | Reached skill level 3 in Conjurations
  3782 | D:5      | Reached skill level 3 in Hexes
  3782 | D:5      | Reached skill level 3 in Summonings
  3782 | D:5      | Reached skill level 3 in Necromancy
  3782 | D:5      | Reached skill level 3 in Translocations
  3782 | D:5      | Reached skill level 3 in Transmutations
  3782 | D:5      | Reached skill level 3 in Fire Magic
  3782 | D:5      | Reached skill level 3 in Ice Magic
  3782 | D:5      | Reached skill level 3 in Air Magic
  3782 | D:5      | Reached skill level 3 in Earth Magic
  3782 | D:5      | Reached skill level 3 in Poison Magic
  3782 | D:5      | Reached skill level 4 in Invocations
  3782 | D:5      | Reached skill level 4 in Evocations
  3782 | D:5      | Reached XP level 9. HP: 16/69 MP: 13/15
  4108 | D:5      | Identified the +0 cloak of the Robin {rF- rC++ Regen+
                  | Str+3}
  4180 | D:6      | Found Zorun's Book Shop.
  4296 | D:5      | Reached skill level 5 in Stealth
  4472 | D:6      | Found a glowing drain.
  4482 | Sewer    | Entered a sewer
  4932 | Sewer    | Reached skill level 5 in Invocations
  5211 | D:6      | Found an opulent altar of Gozag.
  5601 | D:6      | Noticed a two-headed ogre
  5649 | D:6      | Killed a two-headed ogre
  5650 | D:6      | Reached skill level 5 in Short Blades
  5650 | D:6      | Reached skill level 5 in Long Blades
  5650 | D:6      | Reached skill level 5 in Axes
  5650 | D:6      | Reached skill level 5 in Maces & Flails
  5650 | D:6      | Reached skill level 5 in Polearms
  5650 | D:6      | Reached skill level 5 in Staves
  5650 | D:6      | Reached skill level 5 in Throwing
  5650 | D:6      | Reached skill level 5 in Armour
  5650 | D:6      | Reached skill level 5 in Shields
  5650 | D:6      | Reached skill level 5 in Unarmed Combat
  5650 | D:6      | Reached skill level 5 in Spellcasting
  5650 | D:6      | Reached skill level 4 in Conjurations
  5650 | D:6      | Reached skill level 4 in Hexes
  5650 | D:6      | Reached skill level 4 in Summonings
  5650 | D:6      | Reached skill level 4 in Necromancy
  5650 | D:6      | Reached skill level 4 in Translocations
  5650 | D:6      | Reached skill level 4 in Transmutations
  5650 | D:6      | Reached skill level 4 in Fire Magic
  5650 | D:6      | Reached skill level 4 in Ice Magic
  5650 | D:6      | Reached skill level 4 in Air Magic
  5650 | D:6      | Reached skill level 4 in Earth Magic
  5650 | D:6      | Reached skill level 4 in Poison Magic
  5650 | D:6      | Reached skill level 5 in Evocations
  5650 | D:6      | Reached XP level 10. HP: 35/77 MP: 17/17
  5839 | D:6      | Reached skill level 10 in Ranged Weapons
  6363 | D:7      | Found a staircase to the Ecumenical Temple.
  6372 | Temple   | Entered the Ecumenical Temple
  6496 | Temple   | Became a worshipper of Ashenzari the Shackled
  6627 | D:7      | Noticed Dowan
  6915 | D:7      | Reached skill level 7 in Fighting
  6915 | D:7      | Reached skill level 7 in Dodging
  7208 | D:7      | Noticed Duvessa
  7221 | D:7      | Killed Duvessa
  7227 | D:7      | Killed Dowan
  7707 | D:8      | Reached skill level 6 in Stealth
  7738 | D:8      | Reached skill level 6 in Invocations
  8210 | D:9      | Noticed Maurice
  8304 | D:9      | Noticed a two-headed ogre
  8335 | D:8      | Killed Maurice
  8469 | D:9      | Killed a two-headed ogre
  8742 | D:9      | Reached skill level 6 in Short Blades
  8742 | D:9      | Reached skill level 6 in Long Blades
  8742 | D:9      | Reached skill level 6 in Axes
  8742 | D:9      | Reached skill level 6 in Maces & Flails
  8742 | D:9      | Reached skill level 6 in Polearms
  8742 | D:9      | Reached skill level 6 in Staves
  8742 | D:9      | Reached skill level 6 in Throwing
  8742 | D:9      | Reached skill level 6 in Armour
  8742 | D:9      | Reached skill level 6 in Shields
  8742 | D:9      | Reached skill level 6 in Unarmed Combat
  8742 | D:9      | Reached skill level 6 in Spellcasting
  8742 | D:9      | Reached skill level 6 in Evocations
  8988 | D:9      | Reached skill level 5 in Conjurations
  8988 | D:9      | Reached skill level 5 in Hexes
  8988 | D:9      | Reached skill level 5 in Summonings
  8988 | D:9      | Reached skill level 5 in Necromancy
  8988 | D:9      | Reached skill level 5 in Translocations
  8988 | D:9      | Reached skill level 5 in Transmutations
  8988 | D:9      | Reached skill level 5 in Fire Magic
  8988 | D:9      | Reached skill level 5 in Ice Magic
  8988 | D:9      | Reached skill level 5 in Air Magic
  8988 | D:9      | Reached skill level 5 in Earth Magic
  8988 | D:9      | Reached skill level 5 in Poison Magic
  9099 | D:9      | Found a staircase to the Orcish Mines.
  9130 | D:10     | Entered Level 10 of the Dungeon
  9130 | D:10     | Found a shimmering altar of Xom.
  9130 | D:10     | Found a burning altar of Makhleb.
  9138 | D:10     | Reached XP level 11. HP: 82/85 MP: 20/20
  9498 | D:10     | Reached * piety under Ashenzari
  9565 | D:10     | Found a staircase to the Lair.
 10027 | D:10     | Noticed Nergalle
 10044 | D:10     | HP: 17/77 [spectral orc knight/+0 great mace[Nergalle]
                  | (15)]
 10047 | D:10     | HP: 7/74 [spectral orc warrior/+0 long sword[Nergalle] (7)]
 10049 | D:10     | HP: 2/72 [spectral orc knight/+0 halberd[Nergalle] (15)]
 10049 | D:10     | Slain by a spectral orc knight

Illustrated notes

Levels and vault maps discovered:
D:1:      psy_arrival_wood_between_worlds, layout_rooms,
          minmay_misc_feat_enclosed
D:2:      layout_basic, basic_altar, chequers_ecumenical_altar_simple_redux,
          minmay_snake_closets
D:3:      layout_basic, uniq_grinder, uniq_robin, uniq_terence
D:4:      wad_pebble_path, layout_basic, kennysheep_okawaru_gauntlet,
          serial_bayou_pond_b, minmay_misc_feat_roman, uniq_natasha
D:5:      layout_loops_cross, grunt_decor_fettered, minmay_mini_ossuary
D:6:      layout_basic, nicolae_gozag_seed_capital, portal_sewer_entry_b,
          serial_curves, eino_curves_04, eino_curves_01, nicolae_stop_n_shop_1
D:7:      layout_basic, minmay_temple_entry_large_hall,
          nicolae_figureground_pulse, uniq_duvessa
D:8:      layout_loops_ring
D:9:      layout_big_octagon, orc_0_dummy, serial_park_tiny_pond, uniq_maurice
D:10:     layout_irregular_city, nicolae_overflow_hidden_temple,
          lair_entry_dummy, uniq_nergalle
Temple:   nicolae_temple_superstar

Skill      XL: |  1  2  3  4  5  6  7  8  9 10 |
---------------+-------------------------------+-----
Invocations    | 1 2 3 4 5 6 |  6.8
Short Blades   | 1 2 3 4 5 6 |  6.2
Long Blades    | 1 2 3 4 5 6 |  6.2
Axes           | 1 2 3 4 5 6 |  6.2
Maces & Flails | 1 2 3 4 5 6 |  6.2
Polearms       | 1 2 3 4 5 6 |  6.2
Staves         | 1 2 3 4 5 6 |  6.2
Throwing       | 1 2 3 4 5 6 |  6.2
Armour         | 1 2 3 4 5 6 |  6.2
Shields        | 1 2 3 4 5 6 |  6.2
Unarmed Combat | 1 2 3 4 5 6 |  6.2
Spellcasting   | 1 2 3 4 5 6 |  6.2
Evocations     | 1 2 3 4 5 6 |  6.2
Conjurations   | 1 2 3 4 5 |  5.1
Hexes          | 1 2 3 4 5 |  5.1
Summonings     | 1 2 3 4 5 |  5.1
Necromancy     | 1 2 3 4 5 |  5.1
Translocations | 1 2 3 4 5 |  5.1
Transmutations | 1 2 3 4 5 |  5.1
Fire Magic     | 1 2 3 4 5 |  5.1
Ice Magic      | 1 2 3 4 5 |  5.1
Air Magic      | 1 2 3 4 5 |  5.1
Earth Magic    | 1 2 3 4 5 |  5.1
Poison Magic   | 1 2 3 4 5 |  5.1
Stealth        | 3 4 5 6 |  6.7
Fighting       | 5 6 7 |  7.8
Dodging        | 5 6 7 |  7.8
Ranged Weapons | 9 10 | 10.6

Action                     |  1- 3 |  4- 6 |  7- 9 | 10-12 || total
---------------------------+-------+-------+-------+-------++-------
  Melee: Whip              |       |       |   147 |   210 ||   357
         Bite              |       |       |    21 |    42 ||    63
         Punch             |       |       |     2 |    11 ||    13
   Fire: Shortbow          |    94 |   127 |   351 |   243 ||   815
 Invoke: Curse Item        |       |       |       |     2 ||     2
Ability: Evoke Invisibilit |       |       |     1 |       ||     1
    Use: Scroll            |       |       |       |    20 ||    20
         Potion            |       |       |       |     1 ||     1
 Armour: Leather armour    |     4 |    14 |    46 |    57 ||   121
  Dodge: Dodged            |    15 |    48 |   297 |   266 ||   626

Table legend: (Time is in decaauts)
 A = Elapsed time spent in this place.
 B = Non-inter-level travel time spent in this place.
 C = Inter-level travel time spent in this place.
 D = Time resting spent in this place.
 E = Time spent auto-exploring this place.
 F = Levels seen in this place.
 G = Mean time per level.
                   A        B        C        D        E       F      G
               +--------+--------+--------+--------+--------+-----+--------+
         Total |  10183 |   9377 |    806 |     31 |   7345 |  12 |  848.6 |
       Dungeon |   9235 |   8451 |    784 |     31 |   6620 |  10 |  923.5 |
        Temple |    137 |    115 |     22 |      0 |    100 |   1 |  137.0 |
         Sewer |    811 |    811 |      0 |      0 |    624 |   1 |  811.0 |
               +--------+--------+--------+--------+--------+-----+--------+

Top non-repeatable levels by time:
     D:6: 1372 daAuts
     D:5: 1335 daAuts
     D:9: 905 daAuts
     D:8: 904 daAuts
     D:7: 902 daAuts
     D:3: 819 daAuts
   Sewer: 811 daAuts
     D:2: 809 daAuts
     D:4: 796 daAuts
    D:10: 785 daAuts
     D:1: 605 daAuts
  Temple: 137 daAuts

Levels and vault maps discovered:
D:1:      psy_arrival_wood_between_worlds, layout_rooms,
          minmay_misc_feat_enclosed
D:2:      layout_basic, basic_altar, chequers_ecumenical_altar_simple_redux,
          minmay_snake_closets
D:3:      layout_basic, uniq_grinder, uniq_robin, uniq_terence
D:4:      wad_pebble_path, layout_basic, kennysheep_okawaru_gauntlet,
          serial_bayou_pond_b, minmay_misc_feat_roman, uniq_natasha
D:5:      layout_loops_cross, grunt_decor_fettered, minmay_mini_ossuary
D:6:      layout_basic, nicolae_gozag_seed_capital, portal_sewer_entry_b,
          serial_curves, eino_curves_04, eino_curves_01, nicolae_stop_n_shop_1
D:7:      layout_basic, minmay_temple_entry_large_hall,
          nicolae_figureground_pulse, uniq_duvessa
D:8:      layout_loops_ring
D:9:      layout_big_octagon, orc_0_dummy, serial_park_tiny_pond, uniq_maurice
D:10:     layout_irregular_city, nicolae_overflow_hidden_temple,
          lair_entry_dummy, uniq_nergalle
Temple:   nicolae_temple_superstar

Table legend: (Time is in decaauts)
 A = Elapsed time spent in this place.
 B = Non-inter-level travel time spent in this place.
 C = Inter-level travel time spent in this place.
 D = Time resting spent in this place.
 E = Time spent auto-exploring this place.
 F = Levels seen in this place.
 G = Mean time per level.
                   A        B        C        D        E       F      G
               +--------+--------+--------+--------+--------+-----+--------+
         Total |  10183 |   9377 |    806 |     31 |   7345 |  12 |  848.6 |
       Dungeon |   9235 |   8451 |    784 |     31 |   6620 |  10 |  923.5 |
        Temple |    137 |    115 |     22 |      0 |    100 |   1 |  137.0 |
         Sewer |    811 |    811 |      0 |      0 |    624 |   1 |  811.0 |
               +--------+--------+--------+--------+--------+-----+--------+

Top non-repeatable levels by time:
     D:6: 1372 daAuts
     D:5: 1335 daAuts
     D:9: 905 daAuts
     D:8: 904 daAuts
     D:7: 902 daAuts
     D:3: 819 daAuts
   Sewer: 811 daAuts
     D:2: 809 daAuts
     D:4: 796 daAuts
    D:10: 785 daAuts
     D:1: 605 daAuts
  Temple: 137 daAuts

Table legend:
 A = Kills in this place as a percentage of kills in the entire game.
 B = Kills by you in this place as a percentage of kills by you in the entire game.
 C = Kills by friends in this place as a percentage of kills by friends in the entire game.
 D = Other kills in this place as a percentage of other kills in the entire game.
 E = Experience gained in this place as a percentage of experience gained in the entire game.
 F = Experience gained in this place divided by the number of levels of this place that you have seen.
                   A       B       C       D       E      F
               +-------+-------+-------+-------+-------+----------------------
         Total | 100.0 | 100.0 |   N/A | 100.0 | 100.0 | 871.9
       Dungeon |  85.6 |  85.4 |   N/A | 100.0 |  97.9 | 1024.5
         Sewer |  14.4 |  14.6 |   N/A |   0.0 |   2.1 | 218.0
               +-------+-------+-------+-------+-------+----------------------
